 Dungeon Crawl Stone Soup version 0.25.1-8-g42b30a86e7 (webtiles) character file.

Game seed: 4151687068945937233

58814 growler the Black Belt (level 14, -6/145 HPs)
             Began as a Merfolk Transmuter on Dec 15, 2020.
             Was a High Priest of Okawaru.
             Mangled by an orange demon (8 damage)
             ... summoned by an orc high priest
             ... on level 2 of the Orcish Mines.
             The game lasted 01:21:20 (32998 turns).

growler the Black Belt (Merfolk Transmuter)        Turns: 32998, Time: 01:21:21

Health: -6/145     AC:  7    Str: 14      XL:     14   Next: 92%
Magic:  18/21      EV: 16    Int: 17 (19) God:    Okawaru [*****.]
Gold:   2132       SH:  0    Dex: 15      Spells: 8/23 levels left

rFire    . . .     SeeInvis .     - Unarmed
rCold    + + .     Gourm    .   (shield currently unavailable)
rNeg     . . .     Faith    .   (armour currently unavailable)
rPois    +         Spirit   .   (helmet currently unavailable)
rElec    .         Reflect  .   (cloak currently unavailable)
rCorr    .         Harm     .   (gloves currently unavailable)
MR       +....                  (boots currently unavailable)
Stlth    +.........             (no amulet)
HPRegen  0.34/turn              f - +6 ring of intelligence
MPRegen  0.17/turn              s - ring of fire

@: ice-form, weakened, very slightly contaminated
A: large, (change form in water), (swift swim), (stealthy swim), deterioration 1
a: End Transformation, Heroism, Finesse, Renounce Religion


You were on level 2 of the Orcish Mines.
You worshipped Okawaru.
Okawaru was extremely pleased with you.
You were not hungry.
You were a creature of crystalline ice.
You visited 4 branches of the dungeon, and saw 20 of its levels.

You collected 3069 gold pieces.
You spent 937 gold pieces at shops.

Inventory:

Missiles
 a - 296 arrows
 y - 4 throwing nets (quivered) {!f}
Armour
 b - a +2 hat of magic resistance (melded)
   (You took it off Gastronok on level 1 of the Lair of Beasts)
 n - the +2 cloak of the Saviour (melded) {rPois Str+4 Dex+4}
   (You found it on level 4 of the Dungeon)

   It affects your strength (+4).
   It affects your dexterity (+4).
   It protects you from poison.
 r - a +2 pair of boots of stealth
   (You bought it in a shop on level 10 of the Dungeon)
 w - +0 acid dragon scales (melded)
   (You found it on level 11 of the Dungeon)
 A - a +2 robe of cold resistance
   (You took it off Psyche on level 8 of the Dungeon)
 J - a +0 pair of gloves of dexterity (melded)
   (Okawaru gifted it to you on level 1 of the Lair of Beasts)
 T - +0 fire dragon scales
   (You found it on level 6 of the Lair of Beasts)
 U - the +1 pair of boots of Disaster (melded) {rElec Int+5}
   (Okawaru gifted it to you on level 2 of the Orcish Mines)

   It affects your intelligence (+5).
   It insulates you from electricity.
Jewellery
 f - a +6 ring of intelligence (left front paw)
   (You found it on level 1 of the Dungeon)
 s - a ring of fire (right front paw)
   (You found it on level 5 of the Dungeon)
 x - an uncursed amulet of faith {!P}
   (You found it on level 1 of the Lair of Beasts)
 D - an uncursed ring of stealth
   (You found it on level 9 of the Dungeon)
 H - an uncursed ring of flight
   (You found it on level 5 of the Lair of Beasts)
 Q - an uncursed ring of positive energy
   (You found it on level 3 of the Lair of Beasts)
Wands
 c - a wand of disintegration (27)
   (You found it on level 10 of the Dungeon)
 d - a wand of iceblast (9)
   (You found it on level 1 of the Lair of Beasts)
 t - a wand of flame (27)
   (You took it off Ijyb on level 5 of the Dungeon)
 u - a wand of paralysis (8)
   (You found it on level 1 of the Lair of Beasts)
 v - a wand of digging (11)
   (You found it on level 8 of the Dungeon)
 O - a wand of clouds (5)
   (You found it on level 5 of the Lair of Beasts)
Scrolls
 k - a scroll of teleportation {@r4}
 m - 4 scrolls of amnesia
 o - 4 scrolls of enchant weapon
 p - 6 scrolls of remove curse {@r2}
 z - a scroll of torment {!r}
 C - 2 scrolls of magic mapping
 E - 4 scrolls of enchant armour
 I - 2 scrolls of immolation {!r}
 N - a scroll of fog
 P - a scroll of noise {unknown}
 R - a scroll of holy word {unknown}
Potions
 g - 3 potions of mutation {!q}
 j - 5 potions of might
 l - 7 potions of curing {@q1}
 q - 5 potions of brilliance
 F - 2 potions of flight
 K - 5 potions of stabbing
 L - a potion of lignification {!q}
 M - a potion of haste {@q3}
Comestibles
 e - 24 rations {!d}
 G - 11 chunks of flesh


   Skills:
 + Level 14.8 Fighting
 + Level 6.4 Throwing
 - Level 10.0 Dodging
 + Level 16.2 Unarmed Combat
 - Level 5.0 Spellcasting
 - Level 9.0 Transmutations
 - Level 6.0 Ice Magic
 - Level 2.0 Poison Magic
 - Level 7.0 Invocations


You had 8 spell levels left.
You knew the following spells:

 Your Spells              Type           Power        Failure   Level  Hunger
a - Beastly Appendage     Tmut           ####..       1%          1    None
b - Blade Hands           Tmut           ####......   10%         5    ######.
c - Ice Form              Ice/Tmut       ####....     6%          4    ####...
s - Sticks to Snakes      Tmut           ####....     1%          2    #......
x - Spider Form           Tmut/Pois      ###.......   4%          3    ###....

Your spell library contained the following spells:

 Spells                   Type           Power        Failure   Level  Hunger
 Foxfire                  Conj/Fire      #...         14%         1    None
 Conjure Flame            Conj/Fire      #.......     38%         3    ###....
 Inner Flame              Hex/Fire       #.......     38%         3    ###....
 Sticky Flame             Conj/Fire      #.......     80%         4    ####...
 Bolt of Magma            Conj/Fire/Erth #.........   98%         5    ######.
 Fireball                 Conj/Fire      #.........   98%         5    ######.
 Iskenderun's Battlesphe  Conj/Chrm      #.......     98%         5    ######.
 Iron Shot                Conj/Erth      #.........   100%        6    #######
 Orb of Destruction       Conj           #.........   100%        7    #######
 Spellforged Servitor     Conj/Summ      #.........   100%        7    #######


Dungeon Overview and Level Annotations

Branches:
Dungeon (11/15)            Temple (1/1) D:7            Lair (6/6) D:10
 Shoals (0/4) Lair:3       Spider (0/4) Lair:2        Slime (0/5) Lair:5
    Orc (2/2) D:11            Elf (0/3) Orc:2

Altars:
Ashenzari
Cheibriados
Dithmenos
Elyvilon
Fedhas
Gozag
Hepliaklqana
Kikubaaqudgha
Makhleb
Nemelex Xobeh
Okawaru
Qazlal
Ru
Sif Muna
Trog
Uskayaw
Vehumet
Wu Jian
Xom
Yredelemnul
Zin
The Shining One
Beogh
Jiyva

Shops:
D:6 (}   D:9 *   D:10 [   Orc:2 ([

Annotations:
Lair:1 3 runed translucent doors, ew1980's ghost, journeyman TeAE
Lair:2 2 runed translucent doors, baltarstar's ghost, journeyman MiBe
Orc:1 3 runed translucent doors, Greyn's ghost, journeyman DDFi


Innate Abilities, Weirdness & Mutations

((You revert to your normal form in water.))
((You are very nimble and swift while swimming.))
((You are very stealthy in the water. (Stealth+)))
Your body sometimes deteriorates upon taking damage.


Message History

The bolt of fire hits you!!
The orc high priest mumbles some strange prayers to Beogh.
The orc knight roars a battlecry!
The orcs go into a battle-frenzy!
The orc sorcerer hits you with a +0 dagger.
The orange demon stings you.
The orange demon hits you but does no damage.
The orc shouts!
The sun demon hits you!
You are engulfed in flames!
The red devil hits you but does no damage.
An orc warrior comes into view. It is wielding a +0 short sword.
The orc sorcerer casts a spell at you.
You shrug off the repeated paralysis!
The sun demon hits you!!
You are engulfed in flames!!
* * * LOW HITPOINT WARNING * * *
The orange demon stings you!
* * * LOW HITPOINT WARNING * * *
The orange demon barely misses you.
You can move again.
As you read the scroll of fear, it crumbles to dust.
You assume a fearsome visage.
The orc warrior looks frightened!
The orc knight looks frightened!
The orc high priest looks frightened!
The red devil is unaffected.
The sun demon is unaffected.
The orange demon is unaffected.
The chaos spawn is unaffected.
The orc looks frightened!
The orc warrior resists with some effort.
The orc warrior looks frightened!
The orc sorcerer looks frightened!
The red devil hits you from afar with a +0 trident!
* * * LOW HITPOINT WARNING * * *
The sun demon hits you!
* * * LOW HITPOINT WARNING * * *
You are engulfed in flames!
* * * LOW HITPOINT WARNING * * *
The orange demon misses you. The orange demon hits you!
* * * LOW HITPOINT WARNING * * *
You feel your attacks grow feeble. The orange demon stings you from afar.
* * * LOW HITPOINT WARNING * * *
You see here a +0 giant club.
Okay, then.
You feel much better.
The orc warrior starts to cry.
The sun demon hits you!
* * * LOW HITPOINT WARNING * * *
You are engulfed in flames!
* * * LOW HITPOINT WARNING * * *
The orange demon stings you from afar!
You die...

####...#....)..................
###.............)..............
##...##########....)............
##..### ##................ #..##
# #................ #..# #o
####............... #.##
'###o##8)#.........#####. #.#
o.o.....[[[8.......#._.#. #.#
..8..443Y'.........#...#. #.#
.ooo..4..'.8.......#...#. ..##
'###'##8.#.........#)###. ...# #.
####.........)..... ...## #
................ ....###
.#..............
......##########.................
.................................
...................>.............


You could see an orc knight (fleeing), an orc high priest (strong, fleeing), a
sun demon (summoned), an orange demon (summoned), a chaos spawn (summoned), an
orc sorcerer (strong, fleeing), a red devil (summoned) and 3 orc warriors.

Vanquished Creatures
  Gastronok (Lair:1)
  2 orc warlords
  A fire dragon (Lair:6)
  5 hydras
  A catoblepas (Lair:5)
  An orc high priest (Orc:2)
  Sonja (Lair:2)
  Pikel (D:6)
  A lindwurm (Lair:6)
  3 orc knights
  3 orc sorcerers (Orc:2)
  An oklob plant (Lair:5)
  An ugly thing (D:11)
  3 elephants (Lair:5)
  A centaur zombie (D:10)
  Psyche (D:8)
  3 molten gargoyles (Lair:6)
  3 gargoyles (D:11)
  4 black mambas
  2 torpor snails
  12 spiny frogs
  10 komodo dragons
  A rime drake (Lair:2)
  2 trolls
  A polar bear (Lair:3)
  2 jumping spiders (Lair:2)
  A snapping turtle (Lair:3)
  17 blink frogs
  7 hippogriffs
  18 dream sheep
  A redback (Lair:2)
  A vampire (D:11)
  3 hogs (D:7)
  6 wyverns
  2 basilisks (Lair:6)
  A steam dragon (Lair:6)
  A human (D:7)
  38 yaks
  A hungry ghost (D:11)
  Edmund (D:6)
  Menkaure (D:7)
  An acid dragon (D:11)
  11 water moccasins
  3 hell hounds (Lair:6)
  5 porcupines
  A swamp drake (D:11)
  A black bear (D:7)
  2 slaves (D:6)
  3 ice beasts
  3 phantoms
  44 orc warriors
  A sky beast (D:5)
  7 wolves
  An eye of draining (D:11)
  4 necrophages
  6 centaurs
  17 ogres
  12 crocodiles
  A big kobold (D:9)
  13 bullfrogs
  A gnoll sergeant (D:7)
  A water moccasin zombie (D:9)
  3 scorpions
  A water moccasin skeleton (D:4)
  10 killer bees
  A vampire bat (Orc:1)
  4 howler monkeys
  5 electric eels (Lair:2)
  2 bullfrog zombies (D:10)
  5 lava snakes (Lair:6)
  2 crimson imps
  5 jellies
  5 hounds
  32 orc priests
  3 bullfrog skeletons
  A gnoll shaman (D:5)
  29 orc wizards
  4 iguanas
  Jessica (D:3)
  A centaur skeleton (D:6)
  Ijyb (D:5)
  8 worker ants
  A killer bee zombie (D:6)
  2 hound zombies
  2 hound skeletons (D:4)
  2 worker ant zombies
  16 gnolls
  14 adders
  2 shadow imps
  An adder zombie (D:10)
  3 worms
  A dart slug (D:5)
  7 leopard geckos
  144 orcs
  11 bats
  A giant cockroach (D:3)
  10 goblins
  11 hobgoblins
  4 jackals (D:11)
  4 quokkas
  3 ball pythons
  12 kobolds
  A quokka zombie (D:10)
  6 rats
685 creatures vanquished.

Vanquished Creatures (others)
  An orc wizard (D:8)
  A leopard gecko (D:6)
  A bush (D:10)
  12 fungi
  18 plants
33 creatures vanquished.

Grand Total: 718 creatures vanquished

Notes
Turn   | Place    | Note
-------+----------+-------------------------------------------
     0 | D:1      | growler the Merfolk Transmuter began the quest for the Orb.
     0 | D:1      | Reached XP level 1. HP: 15/15 MP: 3/3
   309 | D:1      | Reached XP level 2. HP: 20/21 MP: 5/5
   373 | D:1      | Learned a level 2 spell: Sticks to Snakes
  1369 | D:2      | Reached XP level 3. HP: 26/26 MP: 2/6
  1410 | D:1      | Learned a level 3 spell: Spider Form
  2114 | D:2      | Reached skill level 4 in Unarmed Combat
  2114 | D:2      | Reached skill level 1 in Poison Magic
  2114 | D:2      | Reached XP level 4. HP: 11/32 MP: 1/8
  2401 | D:2      | Noticed an ice beast
  2885 | D:2      | Reached XP level 5. HP: 35/37 MP: 9/9
  2962 | D:2      | Killed an ice beast
  2972 | D:2      | Learned a level 4 spell: Ice Form
  3242 | D:3      | Found a glowing silver altar of Zin.
  3267 | D:3      | Reached XP level 6. HP: 42/43 MP: 4/11
  3546 | D:3      | Noticed Jessica
  3553 | D:3      | Killed Jessica
  3553 | D:3      | Reached skill level 1 in Ice Magic
  4047 | D:3      | Reached skill level 5 in Transmutations
  5066 | D:4      | Reached skill level 5 in Unarmed Combat
  5079 | D:4      | Noticed a phantom
  5645 | D:4      | Killed a phantom
  5645 | D:4      | Reached XP level 7. HP: 45/48 MP: 8/13
  6258 | D:4      | Got a shimmering cloak
  6264 | D:4      | Identified the +2 cloak of the Saviour {rPois Str+4 Dex+4}
                  | (You found it on level 4 of the Dungeon)
  6427 | D:4      | Noticed a hippogriff
  6448 | D:3      | Killed a hippogriff
  6448 | D:3      | Reached skill level 6 in Unarmed Combat
  6448 | D:3      | Reached XP level 8. HP: 30/54 MP: 8/15
  7367 | D:5      | Entered Level 5 of the Dungeon
  7369 | D:5      | Reached skill level 5 in Spellcasting
  7376 | D:5      | Learned a level 5 spell: Blade Hands
  7586 | D:5      | Reached skill level 7 in Unarmed Combat
  7586 | D:5      | Reached skill level 5 in Ice Magic
  7778 | D:5      | Noticed Ijyb
  7789 | D:5      | Killed Ijyb
  8532 | D:5      | Reached XP level 9. HP: 60/60 MP: 13/16
  8564 | D:5      | Reached skill level 8 in Unarmed Combat
  9154 | D:6      | Found a radiant altar of Vehumet.
  9479 | D:6      | Reached skill level 5 in Dodging
  9739 | D:6      | Found Esinyah's Weapon Boutique.
  9774 | D:6      | Noticed Edmund
  9785 | D:6      | Killed Edmund
 10045 | D:6      | Noticed Pikel
 10061 | D:6      | Found a shimmering blue altar of Sif Muna.
 10092 | D:6      | Killed Pikel
 10092 | D:6      | Reached skill level 5 in Fighting
 10092 | D:6      | Reached skill level 9 in Unarmed Combat
 10148 | D:6      | Found a shadowy altar of Dithmenos.
 10148 | D:6      | Found a bloodstained altar of Trog.
 10273 | D:6      | Found Pitilaosu's Gadget Boutique.
 10303 | D:7      | Reached XP level 10. HP: 65/74 MP: 14/17
 11023 | D:7      | Reached skill level 10 in Unarmed Combat
 11316 | D:7      | Found a staircase to the Ecumenical Temple.
 11352 | D:7      | Noticed Menkaure
 11357 | D:7      | Killed Menkaure
 11808 | Temple   | Entered the Ecumenical Temple
 11912 | Temple   | Became a worshipper of Warmaster Okawaru
 12444 | D:8      | Reached * piety under Okawaru
 12559 | D:8      | Noticed Psyche
 12710 | D:8      | Killed Psyche
 12760 | D:8      | Reached XP level 11. HP: 60/85 MP: 18/18
 13042 | D:8      | Reached skill level 11 in Unarmed Combat
 13354 | D:9      | Reached ** piety under Okawaru
 13494 | D:9      | Found Fenuas's General Store.
 13526 | D:9      | Reached skill level 10 in Dodging
 13732 | D:9      | Reached skill level 1 in Invocations
 13771 | D:9      | Found a shimmering blue altar of Sif Muna.
 13910 | D:10     | Entered Level 10 of the Dungeon
 14141 | D:10     | Found Limoplap's Armour Emporium.
 14793 | D:10     | Found a staircase to the Lair.
 14869 | D:10     | Found a blossoming altar of Fedhas.
 15144 | D:11     | Found a shadowy altar of Dithmenos.
 15152 | D:11     | Reached *** piety under Okawaru
 15769 | D:11     | Found a staircase to the Orcish Mines.
 16685 | D:11     | Reached skill level 12 in Unarmed Combat
 16816 | D:11     | Noticed a green ugly thing
 16829 | D:11     | Killed a green ugly thing
 16829 | D:11     | Reached **** piety under Okawaru
 16829 | D:11     | Reached skill level 5 in Invocations
 17298 | D:9      | Bought a scroll of acquirement for 572 gold pieces
 17298 | D:9      | Acquired 940 gold pieces
 17372 | D:10     | Bought a +2 pair of boots of stealth for 365 gold pieces
 17456 | Lair:1   | Entered Level 1 of the Lair of Beasts
 17456 | Lair:1   | Noticed Gastronok
 17478 | Lair:1   | Killed Gastronok
 17478 | Lair:1   | Reached ***** piety under Okawaru
 17478 | Lair:1   | Reached skill level 10 in Fighting
 17478 | Lair:1   | Reached XP level 12. HP: 21/97 MP: 6/19
 18452 | Lair:1   | Noticed a five-headed hydra
 18470 | Lair:1   | Killed a five-headed hydra
 18686 | Lair:1   | Noticed a seven-headed hydra
 18691 | Lair:1   | Killed a seven-headed hydra
 19074 | Lair:1   | Found a runed translucent gate.
 19075 | Lair:1   | Found a runed translucent gate.
 19075 | Lair:1   | Noticed a six-headed hydra
 19076 | Lair:1   | Found a runed translucent gate.
 19080 | Lair:1   | Noticed ew1980's ghost (journeyman TeAE)
 19084 | Lair:1   | Killed a six-headed hydra
 19084 | Lair:1   | Received a gift from Okawaru
 19084 | Lair:1   | Reached skill level 13 in Unarmed Combat
 19153 | Lair:1   | Found a viscous altar of Jiyva.
 19551 | Lair:2   | Noticed Sonja
 19561 | Lair:2   | Killed Sonja
 20057 | Lair:2   | Found a hole to the Spider Nest.
 20636 | Lair:2   | Reached XP level 13. HP: 82/108 MP: 16/20
 20845 | Lair:2   | Reached skill level 14 in Unarmed Combat
 21084 | Lair:2   | Found a large runed translucent door.
 21084 | Lair:2   | Found a large runed translucent door.
 21086 | Lair:2   | Noticed baltarstar's ghost (journeyman MiBe)
 21503 | Lair:3   | Found a gate leading to a gauntlet.
 21507 | Lair:3   | You fall into a shaft and drop 3 floors!
 21507 | Lair:6   | Entered Level 6 of the Lair of Beasts
 21640 | Lair:5   | Received a gift from Okawaru
 21911 | Lair:5   | Found a staircase to the Slime Pits.
 23635 | Lair:3   | Found a staircase to the Shoals.
 24458 | Lair:4   | Reached skill level 15 in Unarmed Combat
 24685 | Lair:4   | Reached skill level 1 in Throwing
 25012 | Lair:5   | Received a gift from Okawaru
 25174 | Lair:5   | Reached XP level 14. HP: 71/119 MP: 16/21
 25985 | Lair:6   | Received a gift from Okawaru
 28089 | Lair:6   | Found a large runed translucent door.
 28090 | Lair:6   | Found a large runed translucent door.
 28277 | Lair:6   | Received a gift from Okawaru
 29208 | Lair:6   | Reached ****** piety under Okawaru
 29428 | Orc:1    | Entered Level 1 of the Orcish Mines
 29472 | Orc:1    | Noticed an orc warlord
 29501 | Orc:1    | HP: 4/121 [orc priest/divine providence[an orc warlord]
                  | (14)]
 29901 | Orc:1    | Killed an orc warlord
 29901 | Orc:1    | Reached skill level 5 in Throwing
 30082 | Orc:1    | Gained mutation: Your body sometimes deteriorates upon
                  | taking damage. [mutagenic glow]
 30490 | Orc:1    | Found a runed translucent gate.
 30490 | Orc:1    | Found a runed translucent gate.
 30490 | Orc:1    | Found a runed translucent gate.
 30494 | Orc:1    | Noticed Greyn's ghost (journeyman DDFi)
 30494 | Orc:1    | Noticed an orc warlord
 30611 | Orc:1    | Found an iron altar of Okawaru.
 30743 | Orc:2    | Entered Level 2 of the Orcish Mines
 30789 | Orc:2    | Found a roughly hewn altar of Beogh.
 30907 | Orc:2    | Found a roughly hewn altar of Beogh.
 31076 | Orc:2    | Reached skill level 16 in Unarmed Combat
 31080 | Orc:2    | Received a gift from Okawaru
 31088 | Orc:2    | Got a pair of faintly glowing boots {god gift}
 31214 | Orc:2    | Identified the +1 pair of boots of Disaster {rElec Int+5}
                  | (Okawaru gifted it to you on level 2 of the Orcish Mines)
 31264 | Orc:2    | Found a staircase to the Elven Halls.
 31341 | Orc:2    | Found a roughly hewn altar of Beogh.
 31812 | Orc:2    | Found a roughly hewn altar of Beogh.
 31821 | Orc:2    | Found Ruemnounga's Weapon Shoppe.
 32069 | Orc:2    | Found a roughly hewn altar of Beogh.
 32264 | Orc:2    | Noticed an orc warlord
 32281 | Orc:2    | Killed an orc warlord
 32803 | Orc:2    | Found a roughly hewn altar of Beogh.
 32804 | Orc:2    | Found Jaly's Antique Armour Emporium.
 32931 | Orc:2    | Found a roughly hewn altar of Beogh.
 32990 | Orc:2    | Paralysed by an orc sorcerer for 6 turns
 32997 | Orc:2    | HP: 3/145 [orange demon[an orc high priest] (6)]
 32998 | Orc:2    | Mangled by an orange demon

Illustrated notes

Levels and vault maps discovered:
D:1:      dpeg_arrival_orchard, layout_basic
D:2:      cheibrodos_pilgrimage, layout_rooms, dk_vineyard_3, moated_statue
D:3:      layout_loops_corners, lemuel_round_altar, first_ration, uniq_jessica
D:4:      layout_loops_ring
D:5:      layout_basic, item_on_display_a, uniq_ijyb
D:6:      layout_rooms, overflow_temple_1_default,
          gammafunk_temple_overflow_pools, serial_shops, shop,
          nicolae_shop_statue_plus, minivault_11, lemuel_statue_altar,
          uniq_edmund, uniq_pikel
D:7:      layout_loops_ring, minmay_temple_entry_statues, grunt_livestock,
          uniq_menkaure
D:8:      layout_rooms, uniq_psyche
D:9:      layout_big_octagon, serial_shops,
          nicolae_shop_competitors_out_of_business, basic_altar
D:10:     layout_roguey [special_room_orc], lair_entry_dummy, serial_shops,
          nicolae_shop_statue_plus, fedhas_altar_decomposition
D:11:     layout_long_grid, erik_orc_1, grunt_dithmenos_smoke
Temple:   regret_index_temple_mists
Lair:1:   layout_small_grid, gammafunk_ghost_ooze, uniq_gastronok
Lair:2:   layout_chaotic_city, spider_nest_entry_a, ebering_ghost_disaster_area,
          infiniplex_staircase_pool, serial_bayou_shore_a, uniq_sonja
Lair:3:   layout_chaotic_city, minmay_shoals_entry_hut, gauntlet_entry_generic
Lair:4:   layout_gridlike
Lair:5:   layout_loops_ring, minmay_slime_entry_oklob_open
Lair:6:   cheibrodos_lair_end_hotspot, layout_hall_layers
Orc:1:    layout_diamond_mine, gammafunk_ghost_fury_of_okawaru, roderic_batcave
Orc:2:    grunt_orc_community_town_hall, layout_caves,
          grunt_orc_community_big_house_1, grunt_orc_community_big_house_2,
          grunt_orc_community_house_1, grunt_orc_community_house_1,
          grunt_orc_community_house_2, grunt_orc_community_house_1,
          grunt_orc_community_house_2, grunt_orc_community_house_1

Skill      XL: |  1  2  3  4  5  6  7  8  9 10 11 12 13 14 |
---------------+-------------------------------------------+-----
Transmutations | 3 4 5 6 9 |  9.0
Unarmed Combat | 4 5 6 7 9 10 12 13 15 16 | 16.2
Poison Magic   | 1 2 |  2.0
Spellcasting   | 3 4 5 |  5.0
Ice Magic      | 2 3 6 |  6.0
Dodging        | 3 6 9 10 | 10.0
Fighting       | 5 7 10 12 13 14 | 14.8
Invocations    | 6 7 |  7.0
Throwing       | 2 6 |  6.4

Action                   |  1- 3 |  4- 6 |  7- 9 | 10-12 | 13-15 || total
-------------------------+-------+-------+-------+-------+-------++-------
Melee: Unarmed           |   132 |   196 |   256 |   737 |   753 ||  2074
       Headbutt          |     4 |     3 |     6 |       |       ||    13
       Punch             |     2 |     7 |     3 |    12 |    43 ||    67
Throw: Javelin           |       |       |       |     2 |     2 ||     4
       Throwing net      |       |       |       |     2 |       ||     2
 Cast: Beastly Appendage |     6 |     4 |     2 |       |       ||    12
       Sticks to Snakes  |     2 |     5 |     4 |     1 |       ||    12
       Spider Form       |     1 |     6 |    10 |    16 |     3 ||    36
       Ice Form          |       |     1 |    14 |    33 |    20 ||    68
       Blade Hands       |       |       |       |     2 |    32 ||    34
Invok: Heroism           |       |       |       |    11 |     7 ||    18
       Finesse           |       |       |       |       |     2 ||     2
 Abil: End Transformatio |       |       |     1 |       |       ||     1
Evoke: Wand              |       |       |       |     4 |       ||     4
  Use: Potion            |     1 |     1 |     2 |       |     5 ||     9
       Scroll            |       |     3 |     7 |    11 |     7 ||    28
 Stab: Sleeping          |     2 |     3 |     2 |     3 |     4 ||    14
       Distracted        |       |     1 |       |     1 |     2 ||     4
       Invisible         |       |       |       |     3 |       ||     3
       Paralysed         |       |       |       |     1 |       ||     1
  Eat: Chunk             |     3 |     7 |    14 |    34 |    50 ||   108
       Ration            |       |     2 |     1 |     3 |     1 ||     7
Armor: Robe              |    31 |    13 |    13 |    21 |    50 ||   128
       Skin              |       |     2 |    20 |    74 |    38 ||   134
       Acid dragon scale |       |       |       |       |    51 ||    51
Dodge: Dodged            |   103 |   127 |   156 |   568 |   578 ||  1532
